Workbook
Name ApplicantOther: #REF!
Name ApplicantType: #REF!
Name ApplicationType: #REF!
Name Counties: #REF!
Name Daynbr: #REF!
Name FYDays: [1]Lists!$A$307:$A$337
Name HBAAssist: #REF!
Name LegalType: #REF!
Name Months: #REF!
Name YesNo: #REF!
Name YesOrNo: [1]Lists!$A$1:$A$2

Sheet HIDE VLOOKUP TABLES
A1: CoC List | B1: COC Allocation | E1: Counties | G1: Yes
A2: TX-500 San Antonio/Bexar County CoC | B2: 712703 | G2: No
A3: TX-503 Austin/Travis County | B3: 579039 | E3: N/A
A4: TX-600 Dallas City & County/Irving CoC | B4: 1296412 | E4: Anderson
A5: TX-601 Fort Worth/Arlington/Tarrant County CoC | B5: 604750 | E5: Andrews
A6: TX-603 El Paso City & County CoC | B6: 265058 | E6: Angelina
A7: TX-604 Waco/McLennan County CoC | B7: 143048 | E7: Aransas
A8: TX-607 Texas Balance of State (BoS) CoC | B8: 3643643 | E8: Archer
A9: TX-611 Amarillo CoC | B9: 178947 | E9: Armstrong
A10: TX-624 Wichita Falls/Wise, Palo Pinto, Wichita, Archer Counties CoC | B10: 139755 | E10: Atascosa
A11: TX-700 Houston, Pasadena, Conroe/Harris, Ft. Bend, Montgomery, Counties CoC | B11: 1457520 | E11: Austin
A12: TX-701 Bryan/College Station/Brazos Valley CoC | B12: 189009 | E12: Bailey
E13: Bandera
E14: Bastrop
E15: Baylor
E16: Bee
E17: Bell
E18: Bexar
E19: Blanco
E20: Borden
E21: Bosque
E22: Bowie
E23: Brazoria
E24: Brazos
... E257: Zavala

Sheet 1-1 Applicant Info
A1: Use Arrow Keys to fill out form
A2: ESG CARES THRESHOLD - TAB 1: APPLICANT INFORMATION
A3: Provide the contact information for Applicant's staff who is responsible for Application and Contract administration.
A4: A. CONTACT INFORMATION
A5: Applicant Legal Name
A6: Applicant Contact First Name
A7: Applicant Contact Last Name
A8: Contact Title
A9: Contact Phone (do not enter dashes, spaces, or parentheses)
A10: Contact Email
A11: Mailing Address
A12: City
... A43: Does Applicant have at least one paid staff member?

Sheet 1-2 CARES Funding
A1: ESG CARES THRESHOLD TAB 2: ESG CARES FUNDING REQUEST
A2: A. GENERAL INFORMATION
A3: Pre-contacting costs may be eligible from when first COVID-19 response occurred (no earlier than March 13, 2020 unless Applicant receives TDHCA staff approval). ESG CARES First Allocation contract ends July 31, 2021. Administration cannot exceed 5% of Program Participant service funds.
A5: Categories | B5: Proposed Budget
A6: Administration | B6: 0 | H6: Yes
A7: Data Collection (HMIS) | B7: 0 | H7: No
A8: Homeless Prevention (auto-calculated subtotal) | B8: =SUM(B9:B12) -> 0 | H8: n/a
A9: Homeless Prevention - Financial | B9: 0
A10: Homeless Prevention - Project-based rental assistance | B10: 0
A11: Homeless Prevention - Services | B11: 0
A12: Homeless Prevention - Tenant-based rental assistance | B12: 0
A13: Rapid Re-housing (auto-calculated subtotal) | B13: =SUM(B14:B17) -> 0
A14: Rapid Re-housing - Financial | B14: 0
A15: Rapid Re-housing - Project-based rental assistance | B15: 0
A16: Rapid Re-housing - Services | B16: 0
A17: Rapid Re-housing - Tenant-based rental assistance | B17: 0
A18: Shelter (auto-calculated subtotal) | B18: =SUM(B19:B24) -> 0
A19: Shelter - Conversion | B19: 0
A20: Shelter - Essential Services | B20: 0
A21: Shelter - Major Rehabilitation | B21: 0
A22: Shelter - Operations (includes temporary shelter) | B22: 0
A23: Shelter - Renovation | B23: 0
A24: Shelter - Uniform Relocation Assistance (URA) | B24: 0
A25: Street Outreach | B25: 0
A26: Total | B26: =B6+B7+B8+B13+B18+B25 -> 0
A28: Does your organization plan to apply an Indirect Cost Rate?
A29: If using an indirect cost rate, please complete the Indirect Cost Rate form at https://www.tdhca.state.tx.us/home-division/esgp/docs/Indirect-Cost-Rate-Worksheet.xls)
A30: Total program participant services | B30: =B8+B13+B18+B25 -> 0
A31: Allowable administration (5% of program participant services) | B31: =B30*0.05 -> 0

Sheet 1-2 Annual Funding
A1: VOLUME 1 - TAB 5: ESG FUNDING REQUEST
A2: A. GENERAL INFORMATION
A3: Service Area CoC Region | H3: Activity | I3: HMIS Max | J3: Admin Max
A4: Allocation to CoC | B4: =VLOOKUP(B3,'HIDE VLOOKUP TABLES'!A2:B12,2) -> #N/A | H4: Street Outreach | I4: =A9*0.12 -> 0 | J4: =A9*0.03 -> 0
A5: Applicant must apply for an award amount of at least $50,000 and not more than $300,000 for all Program Participant services proposed in the Application. Administration cannot exceed 3% of Program Participant service funds, and HMIS cannot exceed 12% of Program Participant service funds. | H5: Emergency Shelter | I5: =A11*0.12 -> 0 | J5: =C11*0.03 -> 0
A6: B. AMOUNT OF TDHCA FUNDS REQUESTED | H6: Rapid Rehousing | I6: =A13*0.12 -> 0 | J6: =A13*0.03 -> 0
A7: Amounts requested for each component must equal the amount requested in the Volume(s) 3-6 as applicable. | H7: Homelessness prevention | I7: =A15*0.12 -> 0 | J7: =A15*0.03 -> 0
A8: Street Outreach Funds | B8: HMIS for Street Outreach | C8: Administration for Street Outreach | D8: Total Funds for Street Outreach | H8: Yes
A9: 0 | B9: 0 | C9: 0 | D9: =SUM(A9:C9) -> 0 | H9: No
A10: Emergency Shelter Funds | B10: HMIS for Emergency Shelter | C10: Administration for Emergency Shelter | D10: Total Funds for Emergency Shelter | H10: n/a
A11: 0 | B11: 0 | C11: 0 | D11: =SUM(A11:C11) -> 0
A12: Rapid Re-Housing Funds | B12: HMIS for Rapid Re-Housing | C12: Administration for Rapid Re-Housing | D12: Total Funds for Rapid Re-Housing
A13: 0 | B13: 0 | C13: 0 | D13: =SUM(A13:C13) -> 0
A14: Homeless Prevention Funds | B14: HMIS for Homeless Prevention | C14: Administration for Homeless Prevention | D14: Total Funds for Homeless Prevention
A15: 0 | B15: 0 | C15: 0 | D15: =SUM(A15:C15) -> 0
C16: Total Funds Requested | D16: =SUM(D9+D11+D13+D15) -> 0
D17: =SUM(A9,A11,A13,A15) -> 0
A18: Total Requested for HMIS: | D18: =SUM(B9,B11,B13,B15) -> 0
A19: Total Requested for Administration: | D19: =SUM(C9,C11,C13,C15) -> 0
A20: =SUM(A9*0.04) -> 0 | B20: Requested Funds within Funding Limits: | D20: =IF(D17="","",IF(AND(D17>=50000,D17<=B4),"Yes","No. Modify funding request.")) -> #N/A
A22: C. INDIRECT COST RATE
A23: Does Applicant plan to charge an Indirect Cost Rate?
A24: =IF(D23="Yes","What percentage is your Indirect Cost Rate?", " ") | D24: 0
A25: =IF(D23="","",IF(D24>10%,"Submit the approval from your cognizant federal agency behind this tab.","Is your Indirect Cost Rate the de minimis percentage? The de minimus rate is only eligible to be taken if Indirect Cost Rate is 10% or below."))
A27: D. REQUEST FOR MATCH WAIVER
A28: =IF(D17=0,"",IF(D17<=57500,"Applicant is eligible to request a Match waiver of up to $57,500. Select 'Yes' to request a Match waiver. Waivers will be granted to only the highest scoring eligible Applications.","Because the amount of funds requested exceeds $57,500, Applicant is not eligble to request a Match waiver. Stop and continue to Section D.'"))
A29: =IF(AND(D17<=57,500,D28="Yes"),"Amount of Match waiver requested. Not to exceed $57,500.","") | D29: 0

Sheet 1-3 Service Area
A1: Use Arrow keys to fill out form.
A2: ESG CARES THRESHOLD - ESG SERVICE AREA
A3: A. GENERAL INFORMATION
A4: Briefly describe the Applicant's history of serving the community within which the ESG CARES Act award will be made.
A6: B. CoC region
A7: Select CoC region from the drop down menu.
A9: B. Service Area Description
A10: The Service Area must include of at least the entirety of one county or multiple counties. The exception is the City of Amarillo, in which the city is the CoC region.
A13: County 1 Served:
A15: County 2 Served:
A17: County 3 Served:
A19: County 4 Served:
... A35: County 12 Served:

Sheet Vol1Data
A1: OrgName | B1: ContactFirstName | C1: ContactLastName | D1: ContactTitle | E1: OrgPhone | F1: OrgEmail | G1: OrgMailingAddress | H1: OrgMailingCity | I1: OrgMailingState | J1: OrgMailingZip | K1: OrgPHysicalAddress | L1: orgPhysicalCity | M1: OrgPHysicalState | N1: OrgPHysicalZip | O1: OrgWebsite | P1: SigAuthFirstname | Q1: SigAuthLastName | R1: SigAuthTitle | S1: SigAuthPhone | T1: SigAuthEmail | U1: ApplicantLegalForm | V1: FyEndMonth | W1: FyEndDate | X1: EIUN | Y1: TINNumber | Z1: SAMSExpDate | AA1: IsVictimServices | AB1: IsFaithBased | AC1: ServeFosterCare | AD1: TechnicalAssistance | AE1: TAPRovider | AF1: TwoYear | AG1: Paid | AH1: PropBudAdmin | AI1: PropBudgHMIS | AJ1: PropBudHPTot | AK1: PropBudHPFin | AL1: PropBudHPPBRA | AM1: PropBudHPServ | AN1: PropBudHPTBRA | AO1: PropBudRRHTot | AP1: PropBudRRHFin | AQ1: PropBudRRHPBRA | AR1: PropBudRRHServ | AS1: PropBudRRHTBRA | AT1: PropShelTot | AU1: PropShelCon | AV1: PropShelES | AW1: PropShelMR | AX1: PropShelOper | AY1: PropShelRen | AZ1: PropShelURA | BA1: PropSO | BB1: PropTot | BC1: PropIDR | BD1: PropPPS | BE1: PropAdminAllowed | BF1: CoCReg | BG1: AnnStreetOutreach | BH1: AnnStreetOutreachHMIS | BI1: AnnStreetOutreachAdmin | BJ1: AnnES | BK1: AnnESHMIS | BL1: AnnESAdmin | BM1: AnnRRH | BN1: AnnRRHHMIS | BO1: AnnRRHAdmin | BP1: AnnHP | BQ1: AnnHPHMIS | BR1: AnnHPAdmin | BS1: AnnTot | BT1: AnnPS | BU1: AnnHMIS | BV1: AnnAdmin | BW1: AnnLimit | BX1: AnnIDR | BY1: IndirectCostPct | BZ1: IndirectCostDeMinimis | CA1: MatchWaiver | CB1: MatchAmt | CC1: History | CD1: CoCReg01 | CE1: CountyServed1 | CF1: CountyServed2 | CG1: CountyServed3 | CH1: CountyServed4 | CI1: CountyServed5 | CJ1: CountyServed6 | CK1: CountyServed7 | CL1: CountyServed8 | CM1: CountyServed9 | CN1: CountyServed10 | CO1: CountyServed11 | CP1: CountyServed12
A2: ='1-1 Applicant Info'!D5 -> 0 | B2: ='1-1 Applicant Info'!D6 -> 0 | C2: ='1-1 Applicant Info'!D7 -> 0 | D2: ='1-1 Applicant Info'!D8 -> 0 | E2: ='1-1 Applicant Info'!D9 -> 0 | F2: ='1-1 Applicant Info'!D10 -> 0 | G2: ='1-1 Applicant Info'!D11 -> 0 | H2: ='1-1 Applicant Info'!D12 -> 0 | I2: ='1-1 Applicant Info'!D13 -> 0 | J2: ='1-1 Applicant Info'!D14 -> 0 | K2: ='1-1 Applicant Info'!D15 -> 0 | L2: ='1-1 Applicant Info'!D16 -> 0 | M2: ='1-1 Applicant Info'!D17 -> 0 | N2: ='1-1 Applicant Info'!D18 -> 0 | O2: ='1-1 Applicant Info'!D19 -> 0 | P2: ='1-1 Applicant Info'!D21 -> 0 | Q2: ='1-1 Applicant Info'!D22 -> 0 | R2: ='1-1 Applicant Info'!D23 -> 0 | S2: ='1-1 Applicant Info'!D24 -> 0 | T2: ='1-1 Applicant Info'!D25 -> 0 | U2: ='1-1 Applicant Info'!D28 -> 0 | V2: ='1-1 Applicant Info'!D29 -> 0 | W2: ='1-1 Applicant Info'!D30 -> 0 | X2: ='1-1 Applicant Info'!D31 -> 0 | Y2: ='1-1 Applicant Info'!D32 -> 0 | Z2: ='1-1 Applicant Info'!D34 -> 0 | AA2: ='1-1 Applicant Info'!D35 -> 0 | AB2: ='1-1 Applicant Info'!D36 -> 0 | AC2: ='1-1 Applicant Info'!D37 -> 0 | AD2: ='1-1 Applicant Info'!D38 -> 0 | AE2: ='1-1 Applicant Info'!D39 -> 0 | AF2: ='1-1 Applicant Info'!D42 -> 0 | AG2: ='1-1 Applicant Info'!D43 -> 0 | AH2: ='1-2 CARES Funding'!B6 -> 0 | AI2: ='1-2 CARES Funding'!B7 -> 0 | AJ2: ='1-2 CARES Funding'!B8 -> 0 | AK2: ='1-2 CARES Funding'!B9 -> 0 | AL2: ='1-2 CARES Funding'!B10 -> 0 | AM2: ='1-2 CARES Funding'!B11 -> 0 | AN2: ='1-2 CARES Funding'!B12 -> 0 | AO2: ='1-2 CARES Funding'!B13 -> 0 | AP2: ='1-2 CARES Funding'!B14 -> 0 | AQ2: ='1-2 CARES Funding'!B15 -> 0 | AR2: ='1-2 CARES Funding'!B16 -> 0 | AS2: ='1-2 CARES Funding'!B17 -> 0 | AT2: ='1-2 CARES Funding'!B18 -> 0 | AU2: ='1-2 CARES Funding'!B19 -> 0 | AV2: ='1-2 CARES Funding'!B20 -> 0 | AW2: ='1-2 CARES Funding'!B21 -> 0 | AX2: ='1-2 CARES Funding'!B22 -> 0 | AY2: ='1-2 CARES Funding'!B23 -> 0 | AZ2: ='1-2 CARES Funding'!B24 -> 0 | BA2: ='1-2 CARES Funding'!B25 -> 0 | BB2: ='1-2 CARES Funding'!B26 -> 0 | BC2: ='1-2 CARES Funding'!B28 -> 0 | BD2: ='1-2 CARES Funding'!B30 -> 0 | BE2: ='1-2 CARES Funding'!B31 -> 0 | BF2: ='1-2 Annual Funding'!B3 -> 0 | BG2: ='1-2 Annual Funding'!A9 -> 0 | BH2: ='1-2 Annual Funding'!B9 -> 0 | BI2: ='1-2 Annual Funding'!C9 -> 0 | BJ2: ='1-2 Annual Funding'!A11 -> 0 | BK2: ='1-2 Annual Funding'!B11 -> 0 | BL2: ='1-2 Annual Funding'!C11 -> 0 | BM2: ='1-2 Annual Funding'!A13 -> 0 | BN2: ='1-2 Annual Funding'!B15 -> 0 | BO2: ='1-2 Annual Funding'!C13 -> 0 | BP2: ='1-2 Annual Funding'!A15 -> 0 | BQ2: ='1-2 Annual Funding'!B15 -> 0 | BR2: ='1-2 Annual Funding'!C15 -> 0 | BS2: ='1-2 Annual Funding'!D16 -> 0 | BT2: ='1-2 Annual Funding'!D17 -> 0 | BU2: ='1-2 Annual Funding'!D18 -> 0 | BV2: ='1-2 Annual Funding'!D19 -> 0 | BW2: ='1-2 Annual Funding'!D20 -> #N/A | BX2: ='1-2 Annual Funding'!D23 -> 0 | BY2: ='1-2 Annual Funding'!D24 -> 0 | BZ2: ='1-2 Annual Funding'!D25 -> 0 | CA2: ='1-2 Annual Funding'!D28 -> 0 | CB2: ='1-2 Annual Funding'!D29 -> 0 | CC2: ='1-3 Service Area'!B4 -> 0 | CD2: ='1-3 Service Area'!B7 -> 0 | CE2: ='1-3 Service Area'!B13 -> 0 | CF2: ='1-3 Service Area'!B15 -> 0 | CG2: ='1-3 Service Area'!B17 -> 0 | CH2: ='1-3 Service Area'!B19 -> 0 | CI2: ='1-3 Service Area'!B21 -> 0 | CJ2: ='1-3 Service Area'!B23 -> 0 | CK2: ='1-3 Service Area'!B25 -> 0 | CL2: ='1-3 Service Area'!B27 -> 0 | CM2: ='1-3 Service Area'!B29 -> 0 | CN2: ='1-3 Service Area'!B31 -> 0 | CO2: ='1-3 Service Area'!B33 -> 0 | CP2: ='1-3 Service Area'!B35 -> 0
